 Dungeon Crawl Stone Soup version 0.28-a0-268-g3f656e82c2 (webtiles) character file.

Game seed: 13692858887684206611

2472 Malachi the Stinger (level 9, -12/61 HPs)
             Began as a Demonspawn Transmuter on Aug 28, 2021.
             Was a Follower of Uskayaw.
             Mangled by an orc warrior (20 damage)
             ... in a bailey.
             The game lasted 00:15:46 (11396 turns).

Malachi the Stinger (Demonspawn Transmuter)        Turns: 11396, Time: 00:15:47

Health: -12/61     AC:  8    Str: 10    XL:     9   Next: 26%
Magic:  12/12      EV: 12    Int: 23    God:    Uskayaw [*.....]
Gold:   138        SH:  0    Dex: 13    Spells: 1/12 levels left

rFire   . . .      SeeInvis .   w - +5 scimitar of Juwk {elec, *Corrode rElec rPois Int+4}
rCold   . . .      Faith    .   (no shield)
rNeg    . . .      Spirit   .   a - +0 robe
rPois   +          Reflect  .   (no helmet)
rElec   +          Harm     .   g - +1 cloak
rCorr   .          Rampage  .   h - +0 pair of gloves
Will    .....                   r - +2 pair of boots
Stlth   +.........              (no amulet)
HPRegen 0.20/turn               (no ring)
MPRegen 0.13/turn               (no ring)

@: hasted, very quick
A: hooves 1, demonic guardian 2
a: Renounce Religion, Stomp


You were in a bailey.
You worshipped Uskayaw.
Uskayaw was noncommittal.
You visited 2 branches of the dungeon, and saw 8 of its levels.
You also visited: Bailey.

You collected 336 gold pieces.
You spent 198 gold pieces at shops.

Inventory:

Hand Weapons
 e - a +0 dagger of electrocution
 u - a +4 dagger
 w - the +5 scimitar of Juwk (weapon) {elec, *Corrode rElec rPois Int+4}
   (You bought it in a shop on level 6 of the Dungeon)

   It occasionally discharges a powerful burst of electricity upon striking a
   foe.
   Int:       It affects your intelligence (+4).
   rElec:     It insulates you from electricity.
   rPois:     It protects you from poison.
   *Corrode:  It may corrode you when you take damage.
Missiles
 l - a throwing net
Armour
 a - a +0 robe (worn)
 g - a +1 cloak (worn)
 h - a +0 pair of gloves (worn)
 r - a +2 pair of boots (worn)
Magical Staves
 f - a staff of poison
Wands
 q - a wand of digging (3)
 y - a wand of flame (12)
Scrolls
 b - 2 scrolls of amnesia
 c - a scroll of holy word
 v - 2 scrolls of teleportation
 z - a scroll of identify
Potions
 i - a potion of might {unknown}
 j - a potion of curing {unknown}
 m - a potion of berserk rage {unknown}
 n - a potion of heal wounds {unknown}
 p - 3 potions of degeneration {unknown}
 t - 2 potions of mutation {unknown}


   Skills:
 + Level 1.8 Fighting
 - Level 3.0 Short Blades
 + Level 2.3 Dodging
 + Level 5.2 Unarmed Combat
 - Level 2.0 Spellcasting
 * Level 7.1 Transmutations
 * Level 7.4 Poison Magic


You had one spell level left.
You knew the following spells:

 Your Spells              Type           Power      Damage    Failure   Level
a - Spider Form           Tmut/Pois      18%        N/A       1%          3
b - Olgreb's Toxic Radia  Pois           36%        N/A       6%          4
c - Ice Form              Ice/Tmut       18%        N/A       28%         4

Your spell library contained the following spells:

 Spells                   Type           Power      Damage    Failure   Level
 Beastly Appendage        Tmut           70%        N/A       1%          1
 Sting                    Tmut/Pois      100%       1d8       1%          1
 Sandblast                Erth           4%         2d4       13%         1
 Wereblood                Tmut           35%        N/A       1%          2
 Passwall                 Tmut/Erth      15%        N/A       4%          2
 Poisonous Vapours        Pois/Air       38%        N/A       4%          2
 Cause Fear               Hex            1%         N/A       77%         4
 Lee's Rapid Deconstruct  Erth           1%         3d5*      98%         5
 Dragon Form              Tmut           17%        N/A       99%         7
 Dragon's Call            Summ           1%         N/A       100%        9


Dungeon Overview and Level Annotations

Branches:
Dungeon (7/15)             Temple (1/1) D:5          Bailey (1/1)

Altars:
Ashenzari
Cheibriados
Dithmenos
Elyvilon
Fedhas
Gozag
Hepliaklqana
Kikubaaqudgha
Makhleb
Nemelex Xobeh
Okawaru
Qazlal
Ru
Sif Muna
Trog
Uskayaw
Vehumet
Wu Jian
Xom
Yredelemnul
Zin
The Shining One

Shops:
D:1 (   D:6 (


Innate Abilities, Weirdness & Mutations

You have large cloven feet.
A demonic guardian rushes to your aid.


Message History

The orc knight roars a battlecry!
The orc warrior goes into a battle-frenzy!
Things that are here:
a +0 hand axe; a +0 ring mail
There is an open door here.
The orc knight shouts!
There is an open door here.
The orc knight roars a battlecry!
The orc warrior goes into a battle-frenzy!
The orc warrior closely misses you.
The orc warrior no longer looks unusually strong.
The orc knight hits you with a +0 war axe!!
A demonic guardian appears!
The orc warrior completely misses you.
The orc warrior hits your ice devil with a +0 war axe!
The orc warrior hits your ice devil but does no damage.
The orc warrior hits your ice devil but does no damage.
Your ice devil barely misses the orc warrior.
Your ice devil hits the orc warrior!
Your ice devil freezes the orc warrior!
The orc warrior shouts!
The orc warrior hits your ice devil with a +0 war axe!
Your ice devil closely misses the orc warrior.
The orc knight shouts!
The orc warrior hits your ice devil with a +0 war axe.
The orc knight roars a battlecry!
The orc warrior goes into a battle-frenzy!
Your ice devil hits the orc warrior but does no damage.
There is an open door here.
The orc warrior hits your ice devil with a +0 war axe!
Your ice devil barely misses the orc warrior.
The orc warrior hits your ice devil with a +0 war axe.
Your ice devil dies!
The orc warrior hits you with a +0 hand axe!
* * * LOW HITPOINT WARNING * * *
A demonic guardian appears!
Your orange demon closely misses the orc warrior.
Your orange demon barely misses the orc warrior.
It was a potion of haste.
You feel yourself speed up.
The orc warrior no longer looks unusually strong.
The orc warrior hits you with a +0 hand axe!!
You die...

##..))...##.......##..
#.....)...#.......#...
##.........###...###...
#.....⌠.....###'###....
##.....g...##88.88##...
#........)#.......#...
##...4...##...o...##..
#...oo..'.go......'..
##..@oo##.........##.
#######.....⌠.....##
##.........##
#.........# ##.......##
#.......# ##!.∩.!##
######


You could see 3 orc knights, 2 orc warriors, 2 goblins and a friendly orange
demon (summoned).

Vanquished Creatures
  4 orc warriors (Bailey)
  2 phantoms
  2 bullfrogs (D:7)
  2 scorpions
  A wyvern zombie (D:7)
  2 wights
  2 bullfrog zombies (D:5)
  3 hounds
  2 jellies (D:5)
  An iguana (D:6)
  7 orc wizards
  Natasha (D:2)
  2 killer bee zombies
  13 gnolls
  A howler monkey skeleton (D:7)
  9 adders
  A shadow imp (D:6)
  An adder skeleton (D:4)
  2 worms (D:4)
  2 dart slugs
  15 orcs
  4 ball pythons
  5 endoplasms
  3 giant cockroaches
  26 goblins
  12 hobgoblins
  4 jackals (D:2)
  2 quokkas
  6 bats
  4 frilled lizards
  5 kobolds
  3 rats
149 creatures vanquished.

Vanquished Creatures (collateral kills)
  An orc knight (Bailey)
  A hornet zombie (D:6)
  3 orc warriors (Bailey)
  A phantom (D:5)
  A wyvern skeleton (D:7)
  A wight (D:6)
  An orc priest (D:6)
  A jelly (D:5)
  3 gnolls (Bailey)
  2 orcs (Bailey)
  2 goblins
  2 hobgoblins (Bailey)
19 creatures vanquished.

Grand Total: 168 creatures vanquished

Notes
Turn   | Place    | Note
-------+----------+-------------------------------------------
     0 | D:1      | Malachi the Demonspawn Transmuter began the quest for the
                  | Orb.
     0 | D:1      | Reached XP level 1. HP: 15/15 MP: 3/3
   231 | D:1      | Gained mutation: A weak demonic guardian rushes to your
                  | aid. [demonic ancestry]
   231 | D:1      | Reached XP level 2. HP: 20/21 MP: 3/5
   363 | D:1      | Reached skill level 1 in Poison Magic
   409 | D:1      | Found Kysaarchi's Weapon Emporium.
  1489 | D:2      | Reached XP level 3. HP: 13/26 MP: 4/6
  2162 | D:2      | Noticed Natasha
  2169 | D:2      | Killed Natasha
  2170 | D:2      | Reached skill level 1 in Short Blades
  2170 | D:2      | Reached XP level 4. HP: 25/32 MP: 5/7
  2761 | D:2      | Identified a scroll of acquirement
  2762 | D:2      | Acquired a staff of poison
  3106 | D:2      | Learned a level 3 spell: Spider Form
  3230 | D:3      | Noticed a phantom
  3242 | D:3      | Killed a phantom
  3243 | D:3      | Reached XP level 5. HP: 29/37 MP: 8/8
  3759 | D:3      | Reached XP level 6. HP: 31/43 MP: 9/9
  5207 | D:4      | Found a bloodstained altar of Trog.
  5643 | D:5      | Entered Level 5 of the Dungeon
  5686 | D:5      | Found a hide-covered altar of Uskayaw.
  6259 | D:5      | Gained mutation: A demonic guardian rushes to your aid.
                  | [demonic ancestry]
  6259 | D:5      | Reached XP level 7. HP: 47/48 MP: 10/10
  7004 | D:5      | Found a staircase to the Ecumenical Temple.
  7324 | Temple   | Entered the Ecumenical Temple
  7504 | D:5      | Became a worshipper of Uskayaw the Reveller
  7531 | D:5      | Reached * piety under Uskayaw
  7875 | D:6      | Reached ** piety under Uskayaw
  7935 | D:5      | Reached skill level 5 in Unarmed Combat
  8642 | D:6      | Found Oxzianna's Antique Weapon Shop.
  8647 | D:6      | Bought a jewelled scimitar for 198 gold pieces
  8647 | D:6      | Identified the +5 scimitar of Juwk {elec, *Corrode rElec
                  | rPois Int+4} (You bought it in a shop on level 6 of the
                  | Dungeon)
  8738 | D:6      | Found a burning altar of Makhleb.
  8738 | D:6      | Noticed an Executioner
  8741 | D:6      | Noticed a hellwing
  8741 | D:6      | Noticed a ynoxinul
  8966 | D:6      | Reached XP level 8. HP: 54/54 MP: 11/11
  8986 | D:6      | Reached skill level 5 in Transmutations
  8986 | D:6      | Reached skill level 5 in Poison Magic
  9630 | D:7      | Reached *** piety under Uskayaw
  9731 | D:7      | Reached **** piety under Uskayaw
  9741 | D:7      | Reached ***** piety under Uskayaw
 10141 | D:7      | Found a flagged portal.
 10151 | Bailey   | Entered a bailey
 10824 | Bailey   | Gained mutation: You have large cloven feet. [demonic
                  | ancestry]
 10824 | Bailey   | Reached XP level 9. HP: 27/59 MP: 12/12
 11015 | Bailey   | Learned a level 4 spell: Olgreb's Toxic Radiance
 11020 | Bailey   | Learned a level 4 spell: Ice Form
 11127 | Bailey   | Noticed an orc knight
 11170 | Bailey   | Killed an orc knight
 11258 | Bailey   | Noticed an orc knight
 11277 | Bailey   | Noticed an orc warlord
 11322 | Bailey   | Identified the +7 morningstar "Ehel" {antimagic, rElec
                  | rPois}
 11324 | Bailey   | Noticed an orc knight
 11324 | Bailey   | Noticed an orc knight
 11396 | Bailey   | Mangled by an orc warrior

Illustrated notes

Levels and vault maps discovered:
D:1:      minmay_arrival_open_corners, layout_basic, serial_shops,
          shop_fountains, kennysheep_pointless_box
D:2:      layout_loops_corners, uniq_natasha
D:3:      layout_basic, serial_curves, eino_curves_01, eino_curves_02
D:4:      layout_loops_corners, mainiacjoe_overflow_alcove_2, st_stairs_7,
          minmay_a_box_with_orc_wizards_in_it
D:5:      layout_loops_ring, eat_drink_and_be_merry_uskayaw,
          minmay_temple_entry_statues_fountains
D:6:      layout_loops_ring, nicolae_overflow_crystal_walls,
          makhleb_altar_promises_db, serial_shops, shop
D:7:      layout_loops_ring, enter_bailey_3
Temple:   hc_temple_tempest_star
Bailey:   bailey_axe_minmay_hex_keep, bailey

Skill      XL: |  1  2  3  4  5  6  7  8  9 |
---------------+----------------------------+-----
Transmutations | 2 3 4 6 7 |  7.1
Poison Magic   | 1 2 3 4 7 |  7.4
Unarmed Combat | 3 4 5 |  5.2
Short Blades   | 1 2 3 |  3.0
Dodging        | 2 |  2.3
Fighting       | |  1.8
Spellcasting   | |  2.0

Action                   |  1- 3 |  4- 6 |  7- 9 || total
-------------------------+-------+-------+-------++-------
Melee: Unarmed           |    32 |       |     8 ||    40
       Kick              |     9 |     1 |       ||    10
       Dagger            |    36 |   212 |    90 ||   338
       Headbutt          |     5 |       |       ||     5
       Punch             |       |     5 |     1 ||     6
       Scimitar          |       |       |   167 ||   167
 Cast: Beastly Appendage |    23 |     3 |       ||    26
       Spider Form       |       |       |     1 ||     1
Evoke: Wand              |       |       |    15 ||    15
  Use: Scroll            |       |     7 |     2 ||     9
       Potion            |       |     1 |     2 ||     3
 Stab: Sleeping          |     4 |       |       ||     4
       Paralysed         |       |       |     7 ||     7
       Distracted        |       |       |     1 ||     1
Armor: Robe              |     9 |    55 |    75 ||   139
Dodge: Dodged            |    33 |    94 |   157 ||   284

Table legend: (Time is in decaauts)
 A = Elapsed time spent in this place.
 B = Non-inter-level travel time spent in this place.
 C = Inter-level travel time spent in this place.
 D = Time resting spent in this place.
 E = Time spent auto-exploring this place.
 F = Levels seen in this place.
 G = Mean time per level.
                   A        B        C        D        E       F      G
               +--------+--------+--------+--------+--------+-----+--------+
         Total |  11418 |  11029 |    389 |   4368 |   4908 |   9 | 1268.7 |
       Dungeon |  10016 |   9627 |    389 |   3705 |   4808 |   7 | 1430.9 |
        Temple |    122 |    122 |      0 |      0 |     78 |   1 |  122.0 |
        Bailey |   1279 |   1279 |      0 |    663 |     22 |   1 | 1279.0 |
               +--------+--------+--------+--------+--------+-----+--------+

Top non-repeatable levels by time:
     D:5: 1928 daAuts
     D:4: 1748 daAuts
     D:2: 1622 daAuts
     D:6: 1548 daAuts
     D:1: 1480 daAuts
  Bailey: 1279 daAuts
     D:3: 1137 daAuts
     D:7: 551 daAuts
  Temple: 122 daAuts
